 Dungeon Crawl Stone Soup version 0.29-a0-1023-g6ae1a4a2c7 (webtiles) character file.

Game seed: 13368062144705237934

77 drugrobin the Chopper (level 3, 0/29 HPs)
             Began as a Demigod Gladiator on Aug 12, 2022.
             Succumbed to an orc priest's poison
             ... on level 3 of the Dungeon.
             The game lasted 00:03:08 (1932 turns).

drugrobin the Chopper (Demigod Gladiator)           Turns: 1932, Time: 00:03:08

Health: 0/29       AC: 12    Str: 19    XL:     3   Next: 92%
Magic:  6/6        EV: 14    Int: 10    God:
Gold:   116        SH:  0    Dex: 15    Spells: 3/3 levels left

rFire   . . .      SeeInvis .   a - +0 war axe
rCold   . . .      Faith    .   (no shield)
rNeg    . . .      Spirit   .   l - +0 scale mail
rPois   .          Reflect  .   c - +0 helmet
rElec   .          Harm     .   (no cloak)
rCorr   .          Rampage  .   e - +2 pair of gloves
Will    .....                   g - +1 pair of boots
Stlth   ..........              (no amulet)
HPRegen 0.09/turn               v - +4 ring of evasion
MPRegen 0.10/turn               (no ring)

@: lethally poisoned (0 -> -13), hasted, very quick
A: high MP 1, forlorn, divine attributes
a: no special abilities


You were on level 3 of the Dungeon.
You visited 1 branch of the dungeon, and saw 3 of its levels.

You collected 116 gold pieces.

Inventory:

Hand Weapons
 a - a +0 war axe (weapon)
Missiles
 p - a javelin (quivered)
 s - 4 poisoned darts
Armour
 c - a +0 helmet (worn)
 e - a +2 pair of gloves (worn)
 g - a +1 pair of boots (worn)
 l - a +0 scale mail (worn)
Jewellery
 f - a ring of fire
 v - a +4 ring of evasion (left hand)
Scrolls
 h - a scroll of magic mapping {unknown}
 i - a scroll of blinking {unknown}
 m - a scroll of torment {unknown}
 o - a scroll of enchant armour {unknown}
 q - a scroll of poison {unknown}
 r - a scroll of noise {unknown}
 u - a scroll of teleportation {unknown}
Potions
 b - a potion of berserk rage {unknown}
 j - a potion of haste
 k - a potion of invisibility {unknown}
 n - a potion of heal wounds {unknown}
 t - a potion of ambrosia {unknown}


   Skills:
 - Level 1.7 Fighting
 + Level 3.7 Axes
 - Level 2.8 Throwing
 - Level 2.6 Dodging
 + Level 0.8 Spellcasting


You had 3 spell levels left.
You didn't know any spells.
Your spell library contained the following spells:

 Spells                   Type           Power      Damage    Failure   Level
 Freeze                   Ice            0%         1d3       75%         1
 Sublimation of Blood     Necr           0%         N/A       86%         2
 Frozen Ramparts          Ice            0%         1d1       98%         3
 Ozocubu's Armour         Ice            0%         N/A       98%         3
 Hailstorm                Conj/Ice       0%         3d3       100%        4
 Petrify                  Tmut/Erth      0%         N/A       100%        4
 Irradiate                Conj/Tmut      0%         3d11      100%        5
 Ozocubu's Refrigeration  Ice            0%         4d7       100%        7


Dungeon Overview and Level Annotations

Branches:
Dungeon (3/15)


Innate Abilities, Weirdness & Mutations

You have an increased reservoir of magic. (+10% MP)
You shall have no god before yourself.
Your divine heritage dramatically boosts your attributes as you level up.


Message History

The orc hits you with a +0 mace.
The orc priest hits you with a +2 dagger of venom.
You are lethally poisoned!
Unknown command.
Unknown command.
Throw: 3 throwing nets
Press: ? - help, Shift-Dir - straight line, f - orc priest
Aim: an orc priest, wielding a +2 dagger of venom and wearing a +0 ring mail (lightly wounded, 63% to hit)
You throw a throwing net.
The throwing net closely misses the orc priest.
* * * LOW HITPOINT WARNING * * *
You feel very sick. The orc hits you with a +0 mace.
* * * LOW HITPOINT WARNING * * *
The orc priest hits you but does no damage.
You are more poisoned.
Unknown command.
Unknown command.
Unknown command.
Throw: 2 throwing nets
Press: ? - help, Shift-Dir - straight line, f/p - orc priest
Aim: an orc priest, wielding a +2 dagger of venom and wearing a +0 ring mail (lightly wounded, 63% to hit)
You throw a throwing net.
The throwing net barely misses the orc priest.
* * * LOW HITPOINT WARNING * * *
You feel very sick.
Unknown command.
Unknown command.
Unknown command.
Throw: throwing net
Press: ? - help, Shift-Dir - straight line, f/p - orc priest
Aim: an orc priest, wielding a +2 dagger of venom and wearing a +0 ring mail (lightly wounded, 63% to hit)
You throw a throwing net.
The throwing net barely misses the orc priest.
* * * LOW HITPOINT WARNING * * *
You feel very sick. The orc priest barely misses you.
The orc barely misses you.
Unknown command.
It was a potion of haste.
You feel yourself speed up.
You die...

#........# #........#
######........#
#...##........#
#.............#
#.............# #
#.............#
..#.#.#.............####
(.....o@)...............
#.#.#.#o†.#############.
# #)).# ########.
........ .........
.....###.... ..######.
.....# ...... #. .....
...... #. ..... ......
#. .... ...... #.


You could see an orc priest and an orc.

Vanquished Creatures
  3 adders
  2 dart slugs (D:1)
  3 orcs (D:3)
  3 ball pythons
  3 endoplasms
  3 giant cockroaches
  A goblin (D:1)
  7 hobgoblins
  3 jackals (D:1)
  2 bats
  2 frilled lizards (D:1)
  4 kobolds
  5 rats
41 creatures vanquished.

Notes
Turn   | Place    | Note
-------+----------+-------------------------------------------
     0 | D:1      | drugrobin the Demigod Gladiator began the quest for the
                  | Orb.
     0 | D:1      | Reached XP level 1. HP: 17/17 MP: 3/3
    98 | D:1      | Reached skill level 3 in Axes
   229 | D:1      | Reached XP level 2. HP: 23/24 MP: 4/4
   932 | D:2      | Reached XP level 3. HP: 29/29 MP: 5/5
  1932 | D:3      | Succumbed to an orc priest's poison

Illustrated notes

Levels and vault maps discovered:
D:1:      minmay_arrival_jagged, layout_basic, chequers_ecumenical_altar_island
D:2:      layout_rooms, basic_altar
D:3:      layout_basic

Skill      XL: |  1 |
---------------+----+-----
Throwing       | 2 |  2.8
Axes           | 3 |  3.7
Fighting       | |  1.7
Dodging        | |  2.6
Spellcasting   | |  0.8

Action                   || total
-------------------------++-------
Melee: War axe           ||   108
       Punch             ||     1
Throw: Javelin           ||     2
       Throwing net      ||     3
  Use: Potion            ||     1
Armor: Leather armour    ||    22
       Scale mail        ||    25
Dodge: Dodged            ||    76

Table legend: (Time is in decaauts)
 A = Elapsed time spent in this place.
 B = Non-inter-level travel time spent in this place.
 C = Inter-level travel time spent in this place.
 D = Time resting spent in this place.
 E = Time spent auto-exploring this place.
 F = Levels seen in this place.
 G = Mean time per level.
                   A        B        C        D        E       F      G
               +--------+--------+--------+--------+--------+-----+--------+
         Total |   1976 |   1905 |     71 |    224 |   1254 |   3 |  658.7 |
       Dungeon |   1976 |   1905 |     71 |    224 |   1254 |   3 |  658.7 |
               +--------+--------+--------+--------+--------+-----+--------+

Top non-repeatable levels by time:
     D:1: 934 daAuts
     D:2: 654 daAuts
     D:3: 387 daAuts
